 Dungeon Sprint DCSS version 0.27-a0-1139-g28e009f8a6 (webtiles) character file.

Game seed: 10771863638216207708

28277 Zeld the Scribe (level 13, -12/97 HPs)
             Began as an Octopode Fire Elementalist on May 7, 2021.
             Was a Priest of Sif Muna.
             Shot with an arrow by a deep elf master archer (22 damage)
             ... in the Dungeon (Sprint V: "Ziggurat Sprint").
             The game lasted 00:10:40 (3689 turns).

Zeld the Scribe (Octopode Fire Elementalist)        Turns: 3689, Time: 00:10:41

Health: -12/97     AC:  1    Str:  8    XL:     13   Next: 37%
Magic:  24/38      EV: 22    Int: 40    God:    Sif Muna [***...]
Gold:   0          SH:  0    Dex: 12    Spells: 3/36 levels left

rFire    + . .     SeeInvis .   t - staff of fire
rCold    + . .     Faith    .   (no shield)
rNeg     + . .     Spirit   .   (helmet restricted)
rPois    +         Reflect  .   K - amulet of regeneration
rElec    .         Harm     .   r - +6 ring of intelligence
rCorr    +         Rampage  .   s - +6 ring of intelligence
Will     ++...     NoTele   +   o - ring of willpower
Stlth    +++.......             u - ring of Mirth {rC+ rCorr}
HPRegen  1.26/turn              D - ring of magical power
MPRegen  0.26/turn              C - ring of Debuusmu {rPois rN+ Will+}
                                I - +6 ring of intelligence
                                G - +4 ring of evasion

@: studying Stealth
A: almost no armour, amphibious, 8 rings, camouflage 1, gelatinous body 1,
(nimble swimmer 1), tentacles
a: Renounce Religion, Channel Magic, Forget Spell


You were in the Dungeon.
You worshipped Sif Muna.
Sif Muna was most pleased with you.
You visited 1 branch

Inventory:

Magical Staves
 t - a staff of fire (weapon)
Jewellery
 o - a ring of willpower (on tentacle)
 r - a +6 ring of intelligence (left tentacle)
 s - a +6 ring of intelligence (right tentacle)
 u - the ring of Mirth (on tentacle) {rC+ rCorr}
   (You found it in the Dungeon)

   [ring of protection from cold]

   It protects you from cold.
   It protects you from acid and corrosion.
 C - the ring of Debuusmu (on tentacle) {rPois rN+ Will+}
   (You found it in the Dungeon)

   [ring of willpower]

   It protects you from poison.
   It protects you from negative energy.
   It increases your willpower.
 D - a ring of magical power (on tentacle)
 G - a +4 ring of evasion (on tentacle)
 I - a +6 ring of intelligence (on tentacle)
 K - an amulet of regeneration (around mantle)
Wands
 l - a wand of mindburst (7)
 m - a wand of iceblast (7)
 n - a wand of acid (7)
Scrolls
 g - a scroll of blinking
 p - a scroll of brand weapon
 w - 4 scrolls of amnesia
 x - 7 scrolls of fog
 y - a scroll of holy word
 z - 5 scrolls of identify
 A - 2 scrolls of fear
Potions
 a - 2 potions of brilliance
 b - 10 potions of curing
 c - 8 potions of heal wounds
 d - 6 potions of haste
 e - 7 potions of magic
 f - 3 potions of berserk rage
 h - 2 potions of invisibility
 i - 4 potions of resistance
 k - 5 potions of might
Miscellaneous
 j - a condenser vane
 q - a phantom mirror
 v - a lightning rod (4/4)
 B - a box of beasts
 E - a phial of floods
 F - a lightning rod (4/4)
 H - a phial of floods
 J - a piece from Xom's chessboard (15/15)
 L - a condenser vane
 O - a phial of floods
 P - a condenser vane
 Q - a lightning rod (4/4)


   Skills:
 + Level 12.2 Fighting
 + Level 12.4 Dodging
 - Level 2.6 Stealth
 + Level 12.0 Spellcasting
 + Level 12.7 Conjurations
 * Level 17.5 Fire Magic
 * Level 17.9 Invocations


You had 3 spell levels left.
You knew the following spells:

 Your Spells              Type           Power      Damage    Failure   Level
a - Foxfire               Conj/Fire      100%       2x1d9     0%          1
b - Conjure Flame         Conj/Fire      100%       6-21      0%          3
c - Sticky Flame          Conj/Fire      100%       2d11      1%          4
d - Fireball              Conj/Fire      60%        3d23      1%          5
e - Fire Storm            Conj/Fire      60%        8d15      96%         9
f - Bolt of Magma         Conj/Fire/Erth 51%        4d21      1%          5
g - Starburst             Conj/Fire      60%        8x6d16    1%          6

Your spell library contained the following spells:

 Spells                   Type           Power      Damage    Failure   Level
 Magic Dart               Conj           100%       1d8       0%          1
 Searing Ray              Conj           100%       3d7       0%          2
 Apportation              Tloc           48%        N/A       1%          1
 Beastly Appendage        Tmut           48%        N/A       1%          1
 Corona                   Hex            26%        N/A       1%          1
 Shock                    Conj/Air       100%       1d9       1%          1
 Sting                    Tmut/Pois      96%        1d7       1%          1
 Static Discharge         Conj/Air       66%        N/A       1%          2
 Dazzling Flash           Conj/Hex       100%       N/A       1%          3
 Ignite Poison            Fire/Tmut/Pois 82%        N/A       1%          3
 Inner Flame              Hex/Fire       96%        N/A       1%          3
 Mephitic Cloud           Conj/Pois/Air  55%        N/A       1%          3
 Stone Arrow              Conj/Erth      100%       3d13      1%          3
 Blink                    Tloc           N/A        N/A       2%          2
 Call Imp                 Summ           24%        N/A       2%          2
 Corpse Rot               Necr/Air       N/A        N/A       2%          2
 Ensorcelled Hibernation  Hex/Ice        48%        N/A       2%          2
 Passwall                 Tmut/Erth      20%        N/A       2%          2
 Poisonous Vapours        Pois/Air       48%        N/A       2%          2
 Slow                     Hex            24%        N/A       2%          2
 Sublimation of Blood     Necr           12%        N/A       2%          2
 Wereblood                Tmut           24%        N/A       2%          2
 Call Canine Familiar     Summ           24%        N/A       4%          3
 Confusing Touch          Hex            24%        N/A       4%          3
 Gell's Gravitas          Tloc           12%        N/A       4%          3
 Lesser Beckoning         Tloc           12%        N/A       4%          3
 Portal Projectile        Hex/Tloc       48%        N/A       4%          3
 Tukima's Dance           Hex            24%        N/A       4%          3
 Fulminant Prism          Conj/Hex       33%        3d16      1%          4
 Hailstorm                Conj/Ice       66%        3d14      1%          4
 Iskenderun's Mystic Bla  Conj/Tloc      66%        2d14      1%          4
 Iskenderun's Battlesphe  Conj           90%        2d14      1%          5
 Irradiate                Conj/Tmut      33%        3d24      3%          5
 Lightning Bolt           Conj/Air       33%        1d50      3%          5
 Orb of Destruction       Conj           45%        9d15      6%          7
 Ignition                 Fire           64%        3d17      7%          8
 Cause Fear               Hex            12%        N/A       14%         4
 Dispel Undead            Necr           24%        3d12      14%         4
 Ice Form                 Ice/Tmut       24%        N/A       14%         4
 Leda's Liquefaction      Hex/Erth       12%        N/A       14%         4
 Olgreb's Toxic Radiance  Pois           24%        N/A       14%         4
 Passage of Golubria      Tloc           N/A        N/A       14%         4
 Petrify                  Tmut/Erth      24%        N/A       14%         4
 Summon Ice Beast         Ice/Summ       24%        N/A       14%         4
 Summon Lightning Spire   Summ/Air       24%        N/A       14%         4
 Conjure Ball Lightning   Conj/Air       33%        3x3d11    16%         6
 Agony                    Necr           24%        N/A       36%         5
 Alistair's Intoxication  Tmut/Pois      16%        N/A       36%         5
 Excruciating Wounds      Necr           12%        N/A       36%         5
 Hydra Form               Tmut           12%        N/A       36%         5
 Metabolic Englaciation   Hex/Ice        12%        N/A       36%         5
 Silence                  Hex/Air        12%        N/A       36%         5
 Summon Forest            Summ/Tloc      12%        N/A       36%         5
 Yara's Violent Unravell  Hex/Tmut       12%        3d7       36%         5
 Freezing Cloud           Conj/Ice/Air   27%        6-21      36%         6
 Eringya's Noxious Bog    Tmut/Pois      12%        N/A       91%         6
 Simulacrum               Ice/Necr       12%        N/A       91%         6
 Dragon Form              Tmut           12%        N/A       100%        7
 Haunt                    Necr/Summ      12%        N/A       100%        7
 Malign Gateway           Summ/Tloc      12%        N/A       100%        7
 Monstrous Menagerie      Summ           12%        N/A       100%        7
 Ozocubu's Refrigeration  Ice            12%        4d7       100%        7
 Summon Hydra             Summ           12%        N/A       100%        7
 Lehudib's Crystal Spear  Conj/Erth      33%        10d8      100%        8
 Summon Horrible Things   Summ           12%        N/A       100%        8
 Tornado                  Air            12%        N/A       100%        9


Dungeon Overview and Level Annotations

Branches:
Dungeon (1/1)

Altars:
Ashenzari
Cheibriados
Dithmenos
Elyvilon
Fedhas
Gozag
Hepliaklqana
Kikubaaqudgha
Makhleb
Nemelex Xobeh
Okawaru
Qazlal
Ru
Sif Muna
Trog
Uskayaw
Vehumet
Wu Jian
Xom
Yredelemnul
Zin
The Shining One
Beogh
Jiyva
Lugonu


Innate Abilities, Weirdness & Mutations

You cannot wear most types of armour.
You are amphibious.
You can wear up to eight rings at the same time.
Your skin changes colour to match your surroundings (Stealth+).
Your rubbery body absorbs attacks. (AC +1, EV +1)
((You are camouflaged near water. (Stealth+)))
You have tentacles for arms and can constrict up to eight enemies at once.


Message History

A deep elf master archer comes into view.
The stone giant is engulfed in blazing flames.
The deep elf master archer unwields a +0 longbow.
The deep elf master archer hits your fire vortex.
A centaur warrior comes into view.
A stone giant comes into view.
Casting: Fireball (safe; 1% risk of failure)
Confirm with . or Enter, or press ? or * to list all spells.
Aiming: Fireball (safe; 1% risk of failure)
Press: ? - help, Shift-Dir - straight line, f - stone giant
Aim: a stone giant, quivering large rocks (flame, moderately wounded)
You feel a surge of power!
The fireball explodes!
The fireball engulfs the stone giant!
The stone giant is moderately wounded.
You hear a shout!
A centaur comes into view.
It is wielding the +8 mace of Betiygh {flame, +Blink rElec}.
The centaur warrior wields a +0 shortbow.
The centaur warrior shoots an arrow.
The arrow hits you!!
The stone giant is engulfed in blazing flames.
The deep elf master archer wields a +0 longbow.
The deep elf master archer shoots an arrow.
The arrow hits you!!!
* * * LOW HITPOINT WARNING * * *
Unknown command.
Okay, then.
Okay, then.
Blink to where?
Press: ? - help, Dir - move target, p - stone giant
As you read the scroll of blinking, it crumbles to dust.
The centaur unwields the +8 mace of Betiygh {flame, +Blink rElec}.
It stops flaming.
The centaur wields a +0 shortbow.
The centaur shoots an arrow.
The arrow hits you.
* * * LOW HITPOINT WARNING * * *
You feel much better.
The centaur warrior shoots an arrow.
The arrow hits you!!
* * * LOW HITPOINT WARNING * * *
The centaur shoots an arrow.
The arrow completely misses you.
The deep elf master archer wields a +0 longbow.
The deep elf master archer shoots an arrow.
The arrow hits you!!
You die...

▓...)(())[..▓.).©.
▓..cCc...e..▓▓▓▓▓▓
▓.v..e......▓...8©
▓.....C.....▓...))
▓...°.......▓...).
▓...........▓...÷.
▓..▓.....▓..▓....)
▓....§......▓....)
▓@....©.....▓....)
▓▓▓▓▓▓▓▓▓▓▓▓▓.▓...
▓≈≈..8©8.≈..▓....©
▓..)))≈≈:|..▓▓▓▓▓▓
▓...))[)[≈..▓...8©
▓..).....≈..▓..=).
▓.≈...≈.≈...▓...))
▓≈.≈..≈≈≈...▓.....
▓≈≈...≈≈≈≈..▓.....


You could see a stone giant, a deep elf master archer, a centaur warrior, a
centaur and a friendly fire vortex.

Vanquished Creatures
  2 deep elf master archers (D)
  A stone giant (D)
  A deep elf annihilator (D)
  3 merfolk javelineers (D)
  3 merfolk impalers (D)
  A spriggan air mage (D)
  3 two-headed ogres (D)
  2 centaur warriors (D)
  2 dancing weapons (D)
  A sea snake (D)
  A deep elf archer (D)
  5 deep elf zephyrmancers (D)
  3 deep elf pyromancers (D)
  2 wolf spiders (D)
  A cyclops (D)
  A water nymph (D)
  A black mamba (D)
  A merfolk siren (D)
  A cane toad (D)
  4 komodo dragons (D)
  A troll (D)
  2 merfolk (D)
  2 hornets (D)
  A raiju (D)
  A snapping turtle (D)
  A flying skull (D)
  2 air elementals (D)
  4 spriggans (D)
  A water elemental (D)
  A wyvern (D)
  2 tarantellas (D)
  A chaos spawn (D)
  3 water moccasins (D)
  2 black bears (D)
  2 necrophages (D)
  2 ogres (D)
  A wolf (D)
  A phantom (D)
  5 scorpions (D)
  A crimson imp (D)
  3 orc priests (D)
  3 orc wizards (D)
  2 mummies (D)
  A shadow imp (D)
  2 ufetubi (D)
  3 orcs (D)
  A giant cockroach zombie (D)
  A quokka skeleton (D)
  A quokka zombie (D)
92 creatures vanquished.

Vanquished Creatures (collateral kills)
  An ufetubus (D)
1 creature vanquished.

Vanquished Creatures (others)
  An ufetubus (D)
  7 fire vortices (D)
  20 foxfires (D)
28 creatures vanquished.

Grand Total: 121 creatures vanquished

Notes
Turn   | Place    | Note
-------+----------+-------------------------------------------
     0 | D        | Zeld the Octopode Fire Elementalist began the quest for the
                  | Orb.
     0 | D        | Reached XP level 1. HP: 11/11 MP: 3/3
     0 | D        | Found a blossoming altar of Fedhas.
     0 | D        | Banished a spatial maelstrom
     1 | D        | Found the +6 Majin-Bo {vamp, MP+6 Int+6}
     1 | D        | Found the +9 heavy crossbow "Sniper" {vorpal, Acc+∞ SInv}
     1 | D        | Found the +10 dark maul {vorpal}
     1 | D        | Found the +15 Maxwell's patent armour {-Cast -Tele rElec
                  | Will+ rCorr}
     1 | D        | Found the +18 shield of the Gong {rElec rN+ Will+ EV-5}
     1 | D        | Found the +14 obsidian axe {vorpal, Drain Fly SInv}
     1 | D        | Found the +7 great mace "Firestarter" {inner flame, rF++}
     1 | D        | Found the +6 shillelagh "Devastator" {shatter}
     1 | D        | Found the +11 plutonium sword {Contam Stlth-}
     1 | D        | Found the +8 lance "Wyrmbane" {slay drac, rPois rF+ rC+
                  | AC+3}
     1 | D        | Found the +9 sword of Zonguldrok {reap}
     1 | D        | Found the +13 scythe of Curses {drain, Drain}
     1 | D        | Found the +5 sword of Power {vorpal}
     1 | D        | Found the +7 mace of Variability {chain chaos}
     1 | D        | Found the +7 Singing Sword {vorpal, sonic wave}
     1 | D        | Found the +8 storm bow {elec, penet}
     1 | D        | Found a shimmering blue altar of Sif Muna.
     1 | D        | Found a sacrificial altar of Ru.
     1 | D        | Found a bloodstained altar of Trog.
     1 | D        | Found a stormy altar of Qazlal.
     1 | D        | Found an iron altar of Okawaru.
     1 | D        | Found a sparkling altar of Nemelex Xobeh.
     9 | D        | Found a corrupted altar of Lugonu.
     9 | D        | Found an ancient bone altar of Kikubaaqudgha.
     9 | D        | Found a burning altar of Makhleb.
     9 | D        | Found a transporter.
     9 | D        | Found a viscous altar of Jiyva.
     9 | D        | Found a hazy altar of Hepliaklqana.
    17 | D        | Found an opulent altar of Gozag.
    36 | D        | Became a worshipper of Sif Muna the Loreminder
   118 | D        | Reached XP level 2. HP: 17/17 MP: 3/6
   266 | D        | Entered arena 2.
   266 | D        | Noticed a phantom
   266 | D        | Found a transporter.
   270 | D        | Killed a phantom
   271 | D        | Reached skill level 1 in Fighting
   271 | D        | Reached XP level 3. HP: 21/24 MP: 5/8
   271 | D        | Reached XP level 4. HP: 26/29 MP: 6/10
   275 | D        | Learned a level 3 spell: Conjure Flame
   280 | D        | Learned a level 4 spell: Sticky Flame
   551 | D        | Entered arena 3.
   551 | D        | Noticed a necrophage
   551 | D        | Noticed a necrophage
   551 | D        | Found a transporter.
   553 | D        | Reached * piety under Sif Muna
   557 | D        | Killed a necrophage
   558 | D        | Reached XP level 5. HP: 36/36 MP: 4/12
   560 | D        | Killed a necrophage
   561 | D        | Reached skill level 5 in Spellcasting
   561 | D        | Reached skill level 5 in Conjurations
   561 | D        | Reached skill level 5 in Invocations
   561 | D        | Reached XP level 6. HP: 42/42 MP: 2/13
   567 | D        | Learned a level 5 spell: Fireball
   693 | D        | Entered arena 4.
   693 | D        | Noticed a flying skull
   693 | D        | Found a transporter.
   694 | D        | Reached ** piety under Sif Muna
   698 | D        | Killed a flying skull
   699 | D        | Reached XP level 7. HP: 35/48 MP: 3/15
   706 | D        | Got the Almanac of Transformation and Envenoming
   932 | D        | Entered arena 5.
   932 | D        | Found a transporter.
   933 | D        | Reached *** piety under Sif Muna
  1052 | D        | Entered arena 6.
  1052 | D        | Found a transporter.
  1053 | D        | Reached **** piety under Sif Muna
  1056 | D        | Reached skill level 5 in Dodging
  1066 | D        | Got the ring of Mirth {rC+ rCorr}
  1319 | D        | Entered arena 7.
  1319 | D        | Noticed a troll
  1319 | D        | Noticed a two-headed ogre
  1319 | D        | Noticed a two-headed ogre
  1319 | D        | Noticed a two-headed ogre
  1322 | D        | Killed a two-headed ogre
  1322 | D        | Killed a two-headed ogre
  1322 | D        | Reached ***** piety under Sif Muna
  1322 | D        | Identified Sif Muna's Incunabulum of Bewitching Attacks
                  | (Sif Muna gifted it to you in the Dungeon)
  1322 | D        | Received a gift from Sif Muna
  1323 | D        | Reached skill level 10 in Invocations
  1323 | D        | Reached XP level 8. HP: 58/58 MP: 15/18
  1323 | D        | Reached XP level 9. HP: 63/63 MP: 15/19
  1323 | D        | Killed a troll
  1325 | D        | Killed a two-headed ogre
  1339 | D        | Learned a level 9 spell: Fire Storm
  1349 | D        | Found a transporter.
  1435 | D        | Got the ring of Debuusmu {rPois rN+ Will+}
  1639 | D        | Entered arena 8.
  1639 | D        | Noticed a deep elf pyromancer
  1639 | D        | Noticed a deep elf archer
  1639 | D        | Noticed a deep elf zephyrmancer
  1639 | D        | Noticed a deep elf zephyrmancer
  1639 | D        | Noticed a deep elf zephyrmancer
  1639 | D        | Noticed a deep elf pyromancer
  1641 | D        | Killed a deep elf zephyrmancer
  1642 | D        | Reached XP level 10. HP: 72/72 MP: 19/22
  1642 | D        | Killed a deep elf pyromancer
  1645 | D        | Killed a deep elf zephyrmancer
  1645 | D        | Killed a deep elf pyromancer
  1646 | D        | Killed a deep elf zephyrmancer
  1646 | D        | Received a gift from Sif Muna
  1647 | D        | Killed a deep elf archer
  1651 | D        | Found a transporter.
  1699 | D        | Got the Reference Book on Earthen Toxins
  1847 | D        | Entered arena 9.
  1847 | D        | Noticed a spriggan rider
  1847 | D        | Noticed a spriggan rider
  1849 | D        | Killed a spriggan rider
  1850 | D        | Reached XP level 11. HP: 80/80 MP: 21/24
  1850 | D        | Identified Giv Cay's Almanac of Bewitching Blows and
                  | Bruises (Sif Muna gifted it to you in the Dungeon)
  1850 | D        | Received a gift from Sif Muna
  1852 | D        | Killed a spriggan rider
  1853 | D        | Reached skill level 10 in Conjurations
  1856 | D        | Found a transporter.
  2138 | D        | Entered arena 10.
  2139 | D        | Identified the +1 robe of Intercession {Int+4}
  2145 | D        | Found a transporter.
  2152 | D        | Identified Wina's Compendium of the Icy Compass (Sif Muna
                  | gifted it to you in the Dungeon)
  2152 | D        | Received a gift from Sif Muna
  2589 | D        | Entered arena 11.
  2589 | D        | Noticed a wolf spider
  2589 | D        | Noticed a wolf spider
  2592 | D        | Killed a wolf spider
  2593 | D        | Killed a wolf spider
  2594 | D        | Identified Qirchuat's Incunabulum of Dislocation (Sif Muna
                  | gifted it to you in the Dungeon)
  2594 | D        | Received a gift from Sif Muna
  2598 | D        | Found a transporter.
  2767 | D        | Entered arena 12.
  2767 | D        | Noticed a +4 long sword of draining
  2767 | D        | Noticed a deep elf annihilator
  2767 | D        | Noticed a +1 halberd of pain
  2768 | D        | Killed a deep elf annihilator
  2768 | D        | Killed a +1 halberd of pain
  2768 | D        | Reached ****** piety under Sif Muna
  2768 | D        | Killed a deep elf zephyrmancer
  2768 | D        | Killed a +4 long sword of draining
  2768 | D        | Identified Sif Muna's Papyrus of Excruciating Moulding (Sif
                  | Muna gifted it to you in the Dungeon)
  2768 | D        | Received a gift from Sif Muna
  2768 | D        | Killed a deep elf zephyrmancer
  2768 | D        | Killed a deep elf pyromancer
  2768 | D        | Killed a deep elf master archer
  2768 | D        | Killed a deep elf master archer
  2769 | D        | Reached skill level 10 in Fighting
  2769 | D        | Reached skill level 10 in Spellcasting
  2769 | D        | Reached skill level 15 in Fire Magic
  2769 | D        | Reached XP level 12. HP: 89/89 MP: 24/26
  2778 | D        | Learned a level 5 spell: Bolt of Magma
  2905 | D        | Found a transporter.
  2920 | D        | Entered arena 13.
  2921 | D        | Received a gift from Sif Muna
  2921 | D        | Killed a spriggan air mage
  2932 | D        | Learned a level 6 spell: Starburst
  2979 | D        | Found a transporter.
  2995 | D        | Got the ring of Yluf {rF+ Str+4}
  3000 | D        | Got the ring "Tiudwar" {rElec rN+ EV+4}
  3163 | D        | Entered arena 14.
  3164 | D        | Noticed a merfolk impaler
  3164 | D        | Noticed a merfolk impaler
  3165 | D        | Killed a merfolk impaler
  3165 | D        | Identified Sif Muna's Collected Works on Damaging Creation
                  | (Sif Muna gifted it to you in the Dungeon)
  3165 | D        | Received a gift from Sif Muna
  3165 | D        | Killed a merfolk impaler
  3166 | D        | Noticed a merfolk impaler
  3166 | D        | Identified the ring of Lept {Ice Contam rElec rCorr Str+3}
  3166 | D        | Noticed a merfolk javelineer
  3167 | D        | Killed a merfolk javelineer
  3168 | D        | Reached XP level 13. HP: 69/96 MP: 18/28
  3168 | D        | Killed a merfolk impaler
  3168 | D        | Identified Woenott's Reference Book on Supportive Shape
                  | Shifting (Sif Muna gifted it to you in the Dungeon)
  3168 | D        | Received a gift from Sif Muna
  3170 | D        | Noticed a merfolk javelineer
  3173 | D        | Killed a merfolk javelineer
  3376 | D        | Found a transporter.
  3682 | D        | Entered arena 15.
  3683 | D        | Noticed a stone giant
  3683 | D        | Noticed a merfolk javelineer
  3683 | D        | Noticed a deep elf master archer
  3684 | D        | Killed a merfolk javelineer
  3684 | D        | Noticed a stone giant
  3685 | D        | Killed a stone giant
  3686 | D        | Noticed a deep elf master archer
  3687 | D        | Noticed a stone giant
  3687 | D        | Identified the +8 mace of Betiygh {flame, +Blink rElec}
  3688 | D        | HP: 4/97 [centaur/arrow (4)]
  3689 | D        | Shot with an arrow by a deep elf master archer

Illustrated notes

Levels and vault maps discovered:
D:        sprint_v [room_start, room_1, room_2, room_3, room_4, room_5, room_6,
          room_7, room_8, room_9, room_10, room_11, room_12, room_13, room_14,
          room_15, room_16, room_17, room_18, room_19, room_20, room_21,
          room_22, room_23, room_24, room_25, room_26, room_27]

Skill      XL: |  1  2  3  4  5  6  7  8  9 10 11 12 13 |
---------------+----------------------------------------+-----
Spellcasting   | 3 4 5 7 8 9 10 11 12 | 12.0
Conjurations   | 3 4 5 7 8 9 11 12 | 12.7
Fire Magic     | 6 7 8 11 12 13 15 16 17 | 17.5
Fighting       | 1 2 3 4 6 7 9 10 11 12 | 12.2
Invocations    | 3 4 5 6 10 11 13 16 17 | 17.9
Dodging        | 3 4 6 7 9 11 12 | 12.4
Stealth        | |  2.6

Action                   |  1- 3 |  4- 6 |  7- 9 | 10-12 | 13-15 || total
-------------------------+-------+-------+-------+-------+-------++-------
Melee: Unarmed           |       |       |     1 |       |       ||     1
       Constrict         |       |       |     1 |       |       ||     1
       Tentacles         |       |       |     1 |       |       ||     1
 Cast: Foxfire           |     1 |     9 |       |       |       ||    10
       Fireball          |       |     2 |     8 |    19 |     1 ||    30
       Fire Storm        |       |       |       |     5 |     3 ||     8
       Ignition          |       |       |       |       |     1 ||     1
Invok: Channel Magic     |       |       |     1 |     2 |     1 ||     4
       Divine Exegesis   |       |       |       |     5 |     4 ||     9
Evoke: Lightning rod     |     3 |     3 |     7 |     3 |       ||    16
       Phantom mirror    |       |       |       |     1 |       ||     1
  Use: Potion            |     1 |       |       |       |     2 ||     3
       Scroll            |       |       |       |     2 |     1 ||     3
Dodge: Dodged            |       |     3 |     1 |    12 |     4 ||    20
Block: Other             |       |       |       |     3 |       ||     3

Table legend: (Time is in decaauts)
 A = Elapsed time spent in this place.
 B = Non-inter-level travel time spent in this place.
 C = Inter-level travel time spent in this place.
 D = Time resting spent in this place.
 E = Time spent auto-exploring this place.
 F = Levels seen in this place.
 G = Mean time per level.
                   A        B        C        D        E       F      G
               +--------+--------+--------+--------+--------+-----+--------+
         Total |   3683 |   3680 |      3 |   3241 |      0 |   1 | 3683.0 |
       Dungeon |   3683 |   3680 |      3 |   3241 |      0 |   1 | 3683.0 |
               +--------+--------+--------+--------+--------+-----+--------+

Top non-repeatable levels by time:
       D: 3683 daAuts
